[Event "51st Rilton Cup 2023-24"]
[Site "Stockholm"]
[Date "2023.12.28"]
[Round "2.1"]
[White "Moksh Amit Doshi"]
[Black "Kulaots, Kaido"]
[Result "0-1"]
[ECO "E04"]
[WhiteElo "2366"]
[BlackElo "2524"]
[Annotator "ChessBase"]
[PlyCount "140"]
[EventDate "2023.12.27"]
[EventType "swiss"]
[EventCountry "SWE"]
[SourceTitle "playchess.com"]
[Source "ChessBase"]
[SourceQuality "1"]
[TimeControl "40/5400+30:1800+30"]

1. d4 Nf6 2. c4 e6 3. Nf3 d5 4. g3 dxc4 5. Bg2 c5 6. O-O Nc6 7. dxc5 Qxd1 8. Rxd1 Bxc5 9. Nbd2 c3 10. bxc3 O-O 11. Nb3 Be7 12. c4 Bd7 13. Bb2 Rfc8 14. Rac1 Be8 15. Nfd4 Nxd4 16. Nxd4 Rd8 17. Ba1 Rab8 18. Rd3 Nd7 19. Nb5 Nc5 20. Rxd8 Rxd8 21. Nd4 Rc8 22. Nb3 b6 23. Bd4 Ba4 24. Nxc5 Bxc5 25. Bxc5 Rxc5 26. Be4 Kf8 27. Kf1 Ke7 28. Ke1 Bb5 29. Bd3 Bc6 30. Rc3 Ra5 31. a3 h6 32. h4 g5 33. hxg5 hxg5 34. Kd2 Kd6 35. Kc2 g4 36. Kb2 Rh5 37. Rc2 Rh2 38. e3 Kc5 39. Kc3 Rh1 40. Rd2 Ra1 41. Kb2 Re1 42. Kc3 f5 43. Bc2 Bf3 44. Bd3 Ra1 45. Kb2 Rh1 46. Kc3 Re1 47. Rb2 Rc1+ 48. Rc2 Ra1 49. Rd2 Rxa3+ 50. Kb2 Ra4 51. Kb3 Rb4+ 52. Kc3 a5 53. Ra2 Be4 54. Be2 Rb1 55. Rd2 Rc1+ 56. Kb2 Rh1 57. Kc3 Ra1 58. Rb2 Rc1+ 59. Kd2 Rb1 60. Rxb1 Bxb1 61. Kc3 Be4 62. Bd1 Bf3 63. Ba4 Be2 64. Bb5 Bf1 65. Kb3 Bg2 66. Bd7 Kd6 67. Bc8 Bc6 68. Kc3 Bd7 69. Bb7 e5 70. Ba6 Kc7 0-1

[Event "51st Rilton Cup 2023-24"]
[Site "Stockholm"]
[Date "2023.12.28"]
[Round "2.2"]
[White "Prraneeth Vuppala"]
[Black "Kenneskog, Theodor"]
[Result "1-0"]
[ECO "C50"]
[WhiteElo "2515"]
[BlackElo "2364"]
[Annotator "ChessBase"]
[PlyCount "85"]
[EventDate "2023.12.27"]
[EventType "swiss"]
[EventCountry "SWE"]
[SourceTitle "playchess.com"]
[Source "ChessBase"]
[SourceQuality "1"]
[TimeControl "40/5400+30:1800+30"]

1. e4 e5 2. Nf3 Nc6 3. Bc4 Nf6 4. d3 Bc5 5. Nc3 h6 6. h3 d6 7. Na4 Bb6 8. a3 Be6 9. Bxe6 fxe6 10. c3 Ne7 11. O-O Ng6 12. b4 O-O 13. c4 Qe7 14. Ra2 c6 15. Nxb6 axb6 16. g3 Qf7 17. Kg2 d5 18. Qe2 Rad8 19. Rc2 Nh5 20. Nh2 dxe4 21. dxe4 Rd4 22. Kg1 Nf6 23. Ng4 Nxe4 24. Be3 Rd7 25. Bxh6 Qf5 26. Re1 Nf6 27. Be3 Rd3 28. Bxb6 Rxa3 29. Rd2 Rc3 30. Bc5 Re8 31. Nxf6+ Qxf6 32. Rd7 Qf5 33. Kg2 b5 34. cxb5 cxb5 35. Qe4 Qg5 36. Kh2 Rc4 37. Qc6 Qf5 38. Re2 Nf4 39. g4 Qh7 40. Re3 Kh8 41. Rxg7 Kxg7 42. Qxe8 Kf6 43. Be7+ 1-0

[Event "51st Rilton Cup 2023-24"]
[Site "Stockholm"]
[Date "2023.12.28"]
[Round "2.3"]
[White "Koykka, Pekka"]
[Black "Subelj, Jan"]
[Result "1-0"]
[ECO "B81"]
[WhiteElo "2351"]
[BlackElo "2512"]
[Annotator "ChessBase"]
[PlyCount "87"]
[EventDate "2023.12.27"]
[EventType "swiss"]
[EventCountry "SWE"]
[SourceTitle "playchess.com"]
[Source "ChessBase"]
[SourceQuality "1"]
[TimeControl "40/5400+30:1800+30"]

1. e4 c5 2. Nf3 e6 3. d4 cxd4 4. Nxd4 Nf6 5. Nc3 d6 6. g4 h6 7. Rg1 e5 8. Bb5+ Bd7 9. Bxd7+ Nbxd7 10. Nf5 Nc5 11. Qe2 g6 12. Ng3 Qb6 13. h4 Ne6 14. g5 hxg5 15. hxg5 Nd7 16. Nd5 Qc6 17. Be3 Be7 18. Qd2 Nb6 19. b3 Rc8 20. c4 Nc5 21. Nc3 Nbd7 22. O-O-O b5 23. cxb5 Nxb3+ 24. axb3 Qxc3+ 25. Qxc3 Rxc3+ 26. Kb2 Rc7 27. Ne2 O-O 28. Nc3 Rb7 29. Ra1 Nc5 30. b4 Nd3+ 31. Kb3 Ra8 32. Ra6 Kf8 33. Rga1 d5 34. Nxd5 Nxb4 35. Rxa7 Raxa7 36. Rxa7 Nc6 37. Rxb7 Na5+ 38. Ka4 Nxb7 39. b6 Ke8 40. Kb5 Ba3 41. Kc6 Nd8+ 42. Kc7 Ne6+ 43. Kc8 Bd6 44. b7 1-0

[Event "51st Rilton Cup 2023-24"]
[Site "Stockholm"]
[Date "2023.12.28"]
[Round "2.4"]
[White "Raja Rithvik R"]
[Black "Citak, Selim"]
[Result "1-0"]
[ECO "E04"]
[WhiteElo "2500"]
[BlackElo "2350"]
[Annotator "ChessBase"]
[PlyCount "35"]
[EventDate "2023.12.27"]
[EventType "swiss"]
[EventCountry "SWE"]
[SourceTitle "playchess.com"]
[Source "ChessBase"]
[SourceQuality "1"]
[TimeControl "40/5400+30:1800+30"]

1. d4 d5 2. c4 e6 3. Nf3 Nf6 4. g3 dxc4 5. Bg2 a6 6. Ne5 Bb4+ 7. Nc3 Nd5 8. O-O Nxc3 9. bxc3 Bxc3 10. Rb1 Bxd4 11. Nxc4 O-O 12. Ba3 Re8 13. Qc2 Nd7 14. Rfd1 Bf6 15. Rxb7 Be7 16. Bxe7 Rxe7 17. Rb3 c6 18. Ne5 1-0

[Event "51st Rilton Cup 2023-24"]
[Site "Stockholm"]
[Date "2023.12.28"]
[Round "2.5"]
[White "Brilej, Jaka"]
[Black "Parkhov, Yair"]
[Result "0-1"]
[ECO "B22"]
[WhiteElo "2348"]
[BlackElo "2495"]
[Annotator "ChessBase"]
[PlyCount "164"]
[EventDate "2023.12.27"]
[EventType "swiss"]
[EventCountry "SWE"]
[SourceTitle "playchess.com"]
[Source "ChessBase"]
[SourceQuality "1"]
[TimeControl "40/5400+30:1800+30"]

1. e4 c5 2. c3 d5 3. exd5 Qxd5 4. d4 e6 5. Nf3 Nf6 6. Na3 a6 7. Nc4 Nbd7 8. Be2 b5 9. Ne3 Qc6 10. dxc5 Qxc5 11. O-O Bb7 12. a4 Be7 13. axb5 axb5 14. Rxa8+ Bxa8 15. Nc2 O-O 16. Be3 Qc7 17. h3 Rd8 18. Qc1 Ne5 19. Ncd4 Nxf3+ 20. Bxf3 Bxf3 21. Nxf3 Nd5 22. Rd1 b4 23. cxb4 Qxc1 24. Bxc1 Bxb4 25. Ng5 Rc8 26. Bd2 Be7 27. Rc1 Rb8 28. Rc2 Bf6 29. Bc1 Nb4 30. Rc4 Nd3 31. Ne4 Be5 32. b3 f6 33. Nc5 Nxc5 34. Rxc5 Rxb3 35. Be3 Kf7 36. g4 h6 37. Ra5 Bb8 38. Kg2 Rb7 39. Kf3 Rd7 40. Ke4 g5 41. Ra8 Rb7 42. Ra6 Rb4+ 43. Kf3 Bf4 44. Bc5 Rb3+ 45. Kg2 Rc3 46. Ra7+ Kg6 47. Bf8 Bc7 48. Ra6 Rc2 49. Bb4 Rc4 50. Ba3 Kf7 51. Ra7 Ke8 52. Ra8+ Kd7 53. Rf8 Be5 54. Rf7+ Kc6 55. Be7 Rf4 56. Bf8 Bd4 57. f3 Be5 58. Ra7 Rd4 59. Ra2 Rd8 60. Be7 Rb8 61. Rd2 Re8 62. Bd8 Rh8 63. Rc2+ Kd5 64. Rd2+ Kc4 65. Bb6 h5 66. Bg1 h4 67. Rc2+ Bc3 68. Re2 e5 69. Bf2 Ra8 70. Kf1 Ra1+ 71. Kg2 Bd4 72. Bxd4 exd4 73. Re6 d3 74. Rd6 Kc3 75. Rc6+ Kb3 76. Rd6 Ra2+ 77. Kf1 Kc3 78. Rc6+ Kd4 79. Re6 Ra1+ 80. Kf2 d2 81. Rd6+ Kc3 82. Rc6+ Kb4 0-1

[Event "51st Rilton Cup 2023-24"]
[Site "Stockholm"]
[Date "2023.12.28"]
[Round "2.6"]
[White "Krishnan, Ritvik"]
[Black "Bailet, Pierre"]
[Result "1/2-1/2"]
[ECO "C54"]
[WhiteElo "2346"]
[BlackElo "2492"]
[Annotator "ChessBase"]
[PlyCount "46"]
[EventDate "2023.12.27"]
[EventType "swiss"]
[EventCountry "SWE"]
[SourceTitle "playchess.com"]
[Source "ChessBase"]
[SourceQuality "1"]
[TimeControl "40/5400+30:1800+30"]

1. e4 e5 2. Nf3 Nc6 3. Bc4 Bc5 4. c3 Nf6 5. d3 d6 6. O-O a6 7. a4 Ba7 8. Re1 h6 9. Nbd2 O-O 10. h3 Nh5 11. Nf1 Qf6 12. Be3 Nf4 13. d4 g5 14. dxe5 dxe5 15. Bxa7 Rd8 16. Bd4 exd4 17. cxd4 Bxh3 18. e5 Qg6 19. gxh3 Nxh3+ 20. Kg2 Nf4+ 21. Kg1 Nh3+ 22. Kg2 Nf4+ 23. Kg1 Nh3+ 1/2-1/2

[Event "51st Rilton Cup 2023-24"]
[Site "Stockholm"]
[Date "2023.12.28"]
[Round "2.7"]
[White "Sivuk, Vitaly"]
[Black "Hagner, Bennet"]
[Result "1/2-1/2"]
[ECO "E00"]
[WhiteElo "2490"]
[BlackElo "2348"]
[Annotator "ChessBase"]
[PlyCount "72"]
[EventDate "2023.12.27"]
[EventType "swiss"]
[EventCountry "SWE"]
[SourceTitle "playchess.com"]
[Source "ChessBase"]
[SourceQuality "1"]
[TimeControl "40/5400+30:1800+30"]

1. d4 Nf6 2. c4 e6 3. Bg5 h6 4. Bh4 Bb4+ 5. Nd2 g5 6. Bg3 Ne4 7. Ngf3 h5 8. Qc2 Bxd2+ 9. Nxd2 Nxg3 10. hxg3 Nc6 11. d5 Ne5 12. Qc3 d6 13. f4 Ng6 14. e3 e5 15. Bd3 gxf4 16. gxf4 Qf6 17. O-O-O Bf5 18. Rdf1 Bxd3 19. Qxd3 exf4 20. exf4 O-O-O 21. Ne4 Qg7 22. Kb1 Kb8 23. Rf2 Ne7 24. Ng5 Rde8 25. Rc1 Qf6 26. Rf3 Nf5 27. a3 Re7 28. Qc3 Qxc3 29. Rfxc3 Rg8 30. c5 dxc5 31. Rxc5 Nd4 32. Rd1 f6 33. Rxd4 fxg5 34. fxg5 b6 35. Rc2 Rxg5 36. d6 cxd6 1/2-1/2

[Event "51st Rilton Cup 2023-24"]
[Site "Stockholm"]
[Date "2023.12.28"]
[Round "2.8"]
[White "Costa, Leonardo"]
[Black "Lindberg, Bengt"]
[Result "1-0"]
[ECO "C84"]
[WhiteElo "2472"]
[BlackElo "2344"]
[Annotator "ChessBase"]
[PlyCount "121"]
[EventDate "2023.12.27"]
[EventType "swiss"]
[EventCountry "SWE"]
[SourceTitle "playchess.com"]
[Source "ChessBase"]
[SourceQuality "1"]
[TimeControl "40/5400+30:1800+30"]

1. e4 e5 2. Nf3 Nc6 3. Bb5 a6 4. Ba4 Nf6 5. O-O Be7 6. d3 d6 7. c3 O-O 8. Re1 b5 9. Bc2 Re8 10. h3 Bf8 11. a4 Rb8 12. Nbd2 h6 13. axb5 axb5 14. Nf1 Bd7 15. Ng3 Ra8 16. Rxa8 Qxa8 17. d4 g6 18. Be3 Qa2 19. Bb3 Qa8 20. Qc1 Na5 21. Ba2 Nb7 22. Bb1 Kh7 23. b4 Nd8 24. Re2 Bc6 25. Ra2 Qb8 26. Nd2 Ba8 27. Bd3 c6 28. Nf3 Bb7 29. Bc2 Ne6 30. Bb3 Bg7 31. Ra5 Re7 32. Qd2 Bf8 33. Qa2 Nd7 34. Ra7 Nd8 35. h4 Bg7 36. h5 Nf6 37. dxe5 dxe5 38. Qa5 Nd7 39. Qa2 Bf6 40. Nh2 Bg7 41. Ng4 Nf6 42. Nxf6+ Bxf6 43. Nf1 Qc8 44. Bc5 Rd7 45. Ne3 Bg5 46. Qe2 gxh5 47. Nf5 Rd2 48. Qxh5 Qd7 49. Nxh6 Bxh6 50. Bf8 Rd6 51. Bxd6 Qxd6 52. Bxf7 Kg7 53. Bb3 Qe7 54. g3 Bg5 55. Qg4 Qf6 56. Kg2 Kf8 57. Qd7 Qe7 58. Qh3 Qg7 59. Be6 Nxe6 60. Qxe6 c5 61. Qd6+ 1-0

[Event "51st Rilton Cup 2023-24"]
[Site "Stockholm"]
[Date "2023.12.28"]
[Round "2.9"]
[White "Chasin, Nico"]
[Black "Dotzer, Lukas"]
[Result "1-0"]
[ECO "E04"]
[WhiteElo "2444"]
[BlackElo "2338"]
[Annotator "ChessBase"]
[PlyCount "108"]
[EventDate "2023.12.27"]
[EventType "swiss"]
[EventCountry "SWE"]
[SourceTitle "playchess.com"]
[Source "ChessBase"]
[SourceQuality "1"]
[TimeControl "40/5400+30:1800+30"]

1. c4 Nf6 2. g3 e6 3. Bg2 d5 4. d4 dxc4 5. Nf3 Bb4+ 6. Bd2 a5 7. Qc2 c5 8. a3 Bxd2+ 9. Nbxd2 cxd4 10. Nxc4 O-O 11. Rd1 Nc6 12. O-O Ra6 13. e3 b5 14. Nxd4 Nxd4 15. Rxd4 Qc7 16. Rc1 Qb8 17. Ne5 Bb7 18. Bxb7 Qxb7 19. Qc7 Ra7 20. Qd6 h5 21. Rc6 Qa8 22. h3 Rb8 23. g4 hxg4 24. hxg4 Nd5 25. e4 Nf4 26. Kh2 Rc8 27. Rxc8+ Qxc8 28. Nc6 Rc7 29. Ne7+ Rxe7 30. Qxe7 Qc2 31. Qd8+ Kh7 32. Qh4+ Kg6 33. e5 Qc1 34. Qg3 Kg5 35. Qe3 Qxe3 36. fxe3 Nd5 37. Kg3 Nxe3 38. Rd7 Nxg4 39. Ra7 a4 40. Rxf7 g6 41. Rb7 Nxe5 42. Rxb5 Kf6 43. Kf4 g5+ 44. Ke3 Nc4+ 45. Kd3 Ne5+ 46. Kd4 Nf3+ 47. Ke3 Ne5 48. Rb4 g4 49. Rxa4 g3 50. b3 Kg5 51. Ra5 g2 52. Rxe5+ Kf6 53. Rxe6+ Kxe6 54. Kf2 Kd5 1-0

[Event "51st Rilton Cup 2023-24"]
[Site "Stockholm"]
[Date "2023.12.28"]
[Round "2.10"]
[White "Nyysti, Sampsa"]
[Black "Sokolovsky, Yahli"]
[Result "0-1"]
[ECO "A15"]
[WhiteElo "2339"]
[BlackElo "2443"]
[Annotator "ChessBase"]
[PlyCount "48"]
[EventDate "2023.12.27"]
[EventType "swiss"]
[EventCountry "SWE"]
[SourceTitle "playchess.com"]
[Source "ChessBase"]
[SourceQuality "1"]
[TimeControl "40/5400+30:1800+30"]

1. Nf3 Nf6 2. c4 g6 3. b3 Bg7 4. Bb2 O-O 5. g3 d5 6. cxd5 Qxd5 7. Nc3 Qh5 8. h3 e5 9. Bg2 e4 10. Nd4 Rd8 11. Nc2 a5 12. Qc1 Re8 13. g4 Qh4 14. Ne3 Ra6 15. Qc2 Rc6 16. Rc1 Na6 17. Qb1 Bd7 18. Ncd5 Rd6 19. Nxf6+ Bxf6 20. Nc4 Rde6 21. Nxa5 Nb4 22. Nc4 Nd3+ 23. exd3 exd3+ 24. Ne3 Rxe3+ 0-1

[Event "51st Rilton Cup 2023-24"]
[Site "Stockholm"]
[Date "2023.12.28"]
[Round "2.11"]
[White "Elmi, Saad Abobaker"]
[Black "Malek, Jan"]
[Result "1-0"]
[ECO "C78"]
[WhiteElo "2333"]
[BlackElo "2434"]
[Annotator "ChessBase"]
[PlyCount "119"]
[EventDate "2023.12.27"]
[EventType "swiss"]
[EventCountry "SWE"]
[SourceTitle "playchess.com"]
[Source "ChessBase"]
[SourceQuality "1"]
[TimeControl "40/5400+30:1800+30"]

1. e4 e5 2. Nf3 Nc6 3. Bb5 a6 4. Ba4 Nf6 5. O-O Bc5 6. c3 b5 7. Bb3 d6 8. d4 Bb6 9. Be3 Bg4 10. Nbd2 exd4 11. cxd4 O-O 12. Qc1 Na5 13. Bc2 Re8 14. Qb1 h6 15. Re1 c5 16. d5 Ra7 17. b4 cxb4 18. Bxb6 Qxb6 19. Qxb4 Rc7 20. Bd3 Nb7 21. e5 dxe5 22. Rxe5 Rd8 23. Rae1 Nc5 24. Bb1 Qd6 25. h3 Bxf3 26. Nxf3 g6 27. Qd4 Ncd7 28. Re7 Rc4 29. Qd2 Nxd5 30. Bxg6 Qxe7 31. Rxe7 Nxe7 32. Bh5 Rc5 33. Bg4 Rd5 34. Qxh6 Ng6 35. Be6 Rd1+ 36. Kh2 Ndf8 37. Bb3 R1d6 38. h4 a5 39. h5 a4 40. Bc2 Rc6 41. hxg6 fxg6 42. Qg5 Rd7 43. Be4 Rcd6 44. Qxb5 Ne6 45. Qxa4 Nf4 46. Qc4+ Kf8 47. Ng5 Nh5 48. a4 Nf6 49. Bf3 Re7 50. Qf4 Ra6 51. Ne4 Rh7+ 52. Kg3 Rf7 53. Nxf6 Rfxf6 54. Qb4+ Kg7 55. a5 g5 56. Qb5 Kh6 57. Bb7 Rad6 58. a6 Rd4 59. a7 Kh5 60. Qe8+ 1-0

[Event "51st Rilton Cup 2023-24"]
[Site "Stockholm"]
[Date "2023.12.28"]
[Round "2.12"]
[White "Terrieux, Kevin"]
[Black "Rakesh Kumar Jena"]
[Result "0-1"]
[ECO "D45"]
[WhiteElo "2432"]
[BlackElo "2335"]
[Annotator "ChessBase"]
[PlyCount "64"]
[EventDate "2023.12.27"]
[EventType "swiss"]
[EventCountry "SWE"]
[SourceTitle "playchess.com"]
[Source "ChessBase"]
[SourceQuality "1"]
[TimeControl "40/5400+30:1800+30"]

1. d4 d5 2. c4 e6 3. Nf3 Nf6 4. Nc3 c6 5. e3 Nbd7 6. Be2 dxc4 7. a4 Bd6 8. Nd2 O-O 9. Nxc4 Bc7 10. e4 e5 11. d5 Nb6 12. Ne3 a5 13. Bf3 Qe7 14. O-O Rd8 15. Qc2 Bd6 16. dxc6 bxc6 17. Nf5 Bxf5 18. exf5 h6 19. Ne4 Nxe4 20. Bxe4 Rac8 21. Be3 Nd5 22. Rac1 Bb4 23. Qe2 c5 24. Qf3 Nxe3 25. fxe3 Qg5 26. h4 Qxh4 27. Rc4 Qg5 28. Bb1 Bd2 29. Re4 Rb8 30. Rxe5 Rxb2 31. Qh3 c4 32. Re4 Rdb8 0-1

[Event "51st Rilton Cup 2023-24"]
[Site "Stockholm"]
[Date "2023.12.28"]
[Round "2.13"]
[White "Tulchynskyi, Feliks"]
[Black "Bronstein, Or"]
[Result "0-1"]
[ECO "E52"]
[WhiteElo "2325"]
[BlackElo "2428"]
[Annotator "ChessBase"]
[PlyCount "88"]
[EventDate "2023.12.27"]
[EventType "swiss"]
[EventCountry "SWE"]
[SourceTitle "playchess.com"]
[Source "ChessBase"]
[SourceQuality "1"]
[TimeControl "40/5400+30:1800+30"]

1. d4 Nf6 2. c4 e6 3. Nc3 Bb4 4. e3 O-O 5. Bd3 d5 6. Nf3 b6 7. O-O Ba6 8. Ne5 dxc4 9. Bxc4 Bxc4 10. Nxc4 Nbd7 11. Ne2 b5 12. Nd2 Qe7 13. Nf3 Rfd8 14. Qc2 e5 15. dxe5 Nxe5 16. Nxe5 Qxe5 17. Nd4 Bd6 18. Nf3 Qe4 19. Qxe4 Nxe4 20. b3 a5 21. Bb2 a4 22. Rac1 Nc5 23. Bd4 Nd3 24. Rcd1 Nb4 25. Rd2 Be7 26. Re2 c5 27. Bc3 Nd5 28. Bb2 a3 29. Ba1 Rac8 30. Rc1 Nb4 31. Bc3 Nd3 32. Rb1 b4 33. Ba1 c4 34. bxc4 Rxc4 35. Bd4 Rdc8 36. g3 Rc2 37. Rxc2 Rxc2 38. Ra1 Rc1+ 39. Rxc1 Nxc1 40. Nd2 Bf6 41. Bxf6 gxf6 42. Nc4 Nxa2 43. Kf1 Nc1 44. Ke1 a2 0-1

[Event "51st Rilton Cup 2023-24"]
[Site "Stockholm"]
[Date "2023.12.28"]
[Round "2.14"]
[White "Martins, David Pires Tavares"]
[Black "Shohat, Yotam"]
[Result "1/2-1/2"]
[ECO "D00"]
[WhiteElo "2428"]
[BlackElo "2332"]
[Annotator "ChessBase"]
[PlyCount "77"]
[EventDate "2023.12.27"]
[EventType "swiss"]
[EventCountry "SWE"]
[SourceTitle "playchess.com"]
[Source "ChessBase"]
[SourceQuality "1"]
[TimeControl "40/5400+30:1800+30"]

1. d4 Nf6 2. Bg5 d5 3. Nd2 c5 4. Bxf6 gxf6 5. dxc5 e6 6. e4 Bxc5 7. Nb3 Bb6 8. exd5 Qxd5 9. Qxd5 exd5 10. Nf3 Nc6 11. c3 O-O 12. Nfd4 Nxd4 13. cxd4 a5 14. Nc5 Bxc5 15. dxc5 a4 16. Rc1 Bd7 17. Kd2 Rfc8 18. Ke3 b6 19. Kd4 bxc5+ 20. Rxc5 Rxc5 21. Kxc5 Rb8 22. b4 axb3 23. axb3 Rxb3 24. Be2 Rb2 25. Re1 Rd2 26. Bf3 Rxf2 27. Kxd5 Bh3 28. Rg1 Bf5 29. Kd4 Rd2+ 30. Ke3 Rd3+ 31. Kf4 Be6 32. Ra1 Rd4+ 33. Ke3 Rb4 34. Ra5 Kg7 35. Be4 Rb3+ 36. Kf4 Rb4 37. Ke3 Rb3+ 38. Kf4 Rb4 39. Ke3 1/2-1/2

[Event "51st Rilton Cup 2023-24"]
[Site "Stockholm"]
[Date "2023.12.28"]
[Round "2.15"]
[White "Dragicevic, Drazen"]
[Black "Jarmula, Lukasz"]
[Result "1/2-1/2"]
[ECO "A05"]
[WhiteElo "2322"]
[BlackElo "2425"]
[Annotator "ChessBase"]
[PlyCount "85"]
[EventDate "2023.12.27"]
[EventType "swiss"]
[EventCountry "SWE"]
[SourceTitle "playchess.com"]
[Source "ChessBase"]
[SourceQuality "1"]
[TimeControl "40/5400+30:1800+30"]

1. Nf3 b6 2. b3 Bb7 3. Bb2 Nf6 4. e3 g6 5. c4 Bg7 6. Nc3 c5 7. Nd5 O-O 8. Nxf6+ Bxf6 9. Bxf6 exf6 10. d4 cxd4 11. Qxd4 Qe7 12. Rd1 Rd8 13. Qd6 Kf8 14. Be2 Qxd6 15. Rxd6 Ke7 16. Rd2 d5 17. O-O dxc4 18. Rxd8 Kxd8 19. Bxc4 Ke7 20. Rd1 a6 21. Nd4 Nd7 22. f3 f5 23. Kf2 b5 24. Be2 Rc8 25. Ke1 Nb6 26. Kd2 Nd5 27. g3 Kf6 28. Bd3 Nb4 29. a3 Nd5 30. Re1 Kg7 31. Ra1 Rc7 32. a4 b4 33. a5 Re7 34. Nc2 Rd7 35. Nd4 f4 36. gxf4 Nxf4 37. exf4 Rxd4 38. Ke3 Rd5 39. Ra4 Bc8 40. Bc4 Rh5 41. Rxb4 Rxa5 42. Rb6 Rc5 43. Bxa6 1/2-1/2

[Event "51st Rilton Cup 2023-24"]
[Site "Stockholm"]
[Date "2023.12.28"]
[Round "2.16"]
[White "Ajay Santhosh Parvathareddy"]
[Black "Sidhant, Mohapatra"]
[Result "1/2-1/2"]
[ECO "A47"]
[WhiteElo "2228"]
[BlackElo "2408"]
[Annotator "ChessBase"]
[PlyCount "45"]
[EventDate "2023.12.27"]
[EventType "swiss"]
[EventCountry "SWE"]
[SourceTitle "playchess.com"]
[Source "ChessBase"]
[SourceQuality "1"]
[TimeControl "40/5400+30:1800+30"]

1. d4 Nf6 2. Nf3 e6 3. e3 b6 4. b3 Bb7 5. Bb2 d5 6. Bb5+ Nbd7 7. O-O a6 8. Bd3 c5 9. c4 Bd6 10. cxd5 Nxd5 11. Nc3 cxd4 12. Nxd5 Bxd5 13. Bxd4 Nc5 14. Bc2 O-O 15. b4 Nd7 16. Bxg7 Kxg7 17. e4 Nf6 18. exd5 Nxd5 19. Qd4+ Qf6 20. Qe4 Qg6 21. Qd4+ Qf6 22. Qe4 Qg6 23. Qd4+ 1/2-1/2

[Event "51st Rilton Cup 2023-24"]
[Site "Stockholm"]
[Date "2023.12.28"]
[Round "2.17"]
[White "Socko, Monika"]
[Black "Czernek, Tymon"]
[Result "1-0"]
[ECO "B55"]
[WhiteElo "2396"]
[BlackElo "2324"]
[Annotator "ChessBase"]
[PlyCount "89"]
[EventDate "2023.12.27"]
[EventType "swiss"]
[EventCountry "SWE"]
[SourceTitle "playchess.com"]
[Source "ChessBase"]
[SourceQuality "1"]
[TimeControl "40/5400+30:1800+30"]

1. e4 c5 2. Nf3 d6 3. d4 cxd4 4. Nxd4 Nf6 5. f3 e5 6. Nb3 d5 7. Bg5 Be6 8. Bxf6 gxf6 9. exd5 Qxd5 10. Qxd5 Bxd5 11. Nc3 Be6 12. O-O-O Nc6 13. Bb5 Bh6+ 14. Kb1 O-O 15. Ne4 Bg7 16. Nd6 Nb4 17. a3 Nd5 18. Rhe1 Rab8 19. Nc5 Nc7 20. Bc4 Bxc4 21. Nxc4 b5 22. Na5 Rfe8 23. Rd7 Rbc8 24. Ne4 Ne6 25. Rxa7 Red8 26. Nb7 Rd5 27. Nbd6 Rd8 28. Nf5 Kf8 29. Rb7 Nd4 30. Nxd4 Rxd4 31. Rxb5 f5 32. Ng3 f4 33. Nf5 Rd2 34. Nxg7 Kxg7 35. Rexe5 Rxg2 36. Rg5+ Rxg5 37. Rxg5+ Kf6 38. Rc5 Rd2 39. a4 Rxh2 40. a5 Re2 41. a6 Re7 42. Ra5 Ra7 43. b4 h5 44. b5 h4 45. b6 1-0

[Event "51st Rilton Cup 2023-24"]
[Site "Stockholm"]
[Date "2023.12.28"]
[Round "2.18"]
[White "Borgaonkar Akshay"]
[Black "Dhulipalla Bala Chandra Prasad"]
[Result "1/2-1/2"]
[ECO "C77"]
[WhiteElo "2206"]
[BlackElo "2396"]
[Annotator "ChessBase"]
[PlyCount "62"]
[EventDate "2023.12.27"]
[EventType "swiss"]
[EventCountry "SWE"]
[SourceTitle "playchess.com"]
[Source "ChessBase"]
[SourceQuality "1"]
[TimeControl "40/5400+30:1800+30"]

1. e4 e5 2. Nf3 Nc6 3. Bb5 a6 4. Ba4 Nf6 5. d3 d6 6. c3 g6 7. O-O Bg7 8. Re1 O-O 9. h3 h6 10. Be3 Re8 11. Nbd2 b5 12. Bc2 a5 13. a3 d5 14. d4 exd4 15. Nxd4 Nxd4 16. Bxd4 dxe4 17. Nxe4 Nxe4 18. Bxg7 Kxg7 19. Rxe4 Qxd1+ 20. Rxd1 Rxe4 21. Bxe4 Ra6 22. Rd8 Be6 23. Bd5 Bxd5 24. Rxd5 b4 25. axb4 axb4 26. cxb4 Ra4 27. Rc5 Rxb4 28. Rxc7 Rxb2 29. g3 h5 30. h4 Rb1+ 31. Kg2 Rb2 1/2-1/2

[Event "51st Rilton Cup 2023-24"]
[Site "Stockholm"]
[Date "2023.12.28"]
[Round "2.19"]
[White "Krishna C R G"]
[Black "Luukkonen, Tommi"]
[Result "1-0"]
[ECO "A41"]
[WhiteElo "2396"]
[BlackElo "2323"]
[Annotator "ChessBase"]
[PlyCount "111"]
[EventDate "2023.12.27"]
[EventType "swiss"]
[EventCountry "SWE"]
[SourceTitle "playchess.com"]
[Source "ChessBase"]
[SourceQuality "1"]
[TimeControl "40/5400+30:1800+30"]

1. d4 g6 2. c4 Bg7 3. Nf3 d6 4. g3 c5 5. Bg2 Nc6 6. d5 Nd4 7. Nxd4 cxd4 8. O-O Qb6 9. Nd2 Nh6 10. Nf3 Nf5 11. Rb1 O-O 12. b3 e6 13. dxe6 fxe6 14. Bb2 e5 15. Ng5 h6 16. Ne4 Be6 17. Qd2 Bc8 18. Qd1 Be6 19. Qd2 a5 20. Ba3 Qd8 21. Qd3 a4 22. Bb4 Qd7 23. h3 Ra6 24. Rfc1 Kh7 25. Kh2 Rb8 26. h4 Kh8 27. Qd1 Qf7 28. Qe1 g5 29. hxg5 Qh5+ 30. Kg1 d3 31. Bf3 Qg6 32. Bc3 Rf8 33. Bg2 axb3 34. axb3 Nd4 35. Bxd4 exd4 36. exd3 Ra2 37. Ra1 Rb2 38. Rcb1 Rc2 39. Rc1 Rb2 40. Rcb1 Rc2 41. Qd1 Rc3 42. Ra5 h5 43. Bf3 Bf5 44. Bxh5 Qh7 45. Rxf5 Qxf5 46. Kg2 b5 47. Bg4 Qe5 48. Nxc3 dxc3 49. Qh1+ Kg8 50. Re1 Qxg5 51. Be6+ Rf7 52. Bxf7+ Kxf7 53. Qh3 Bf6 54. Qd7+ Be7 55. Qe6+ Kf8 56. f4 1-0

[Event "51st Rilton Cup 2023-24"]
[Site "Stockholm"]
[Date "2023.12.28"]
[Round "2.20"]
[White "Ljung, Harald"]
[Black "Akesson, Ralf"]
[Result "0-1"]
[ECO "A49"]
[WhiteElo "2120"]
[BlackElo "2387"]
[Annotator "ChessBase"]
[PlyCount "40"]
[EventDate "2023.12.27"]
[EventType "swiss"]
[EventCountry "SWE"]
[SourceTitle "playchess.com"]
[Source "ChessBase"]
[SourceQuality "1"]
[TimeControl "40/5400+30:1800+30"]

1. d4 Nf6 2. Nf3 g6 3. g3 c5 4. c3 b6 5. Bg2 Bb7 6. O-O Bg7 7. a4 O-O 8. Qb3 Qc7 9. Na3 Nc6 10. Bf4 d6 11. Nb5 Qd7 12. dxc5 bxc5 13. Rad1 Na5 14. Qa2 a6 15. Nxd6 exd6 16. Bxd6 Rfd8 17. Ne5 Qe8 18. Bh3 Rxd6 19. Rxd6 Qxe5 20. Rfd1 Qe4 0-1

[Event "51st Rilton Cup 2023-24"]
[Site "Stockholm"]
[Date "2023.12.28"]
[Round "2.21"]
[White "Logdahl, Harald"]
[Black "Kavutskiy, Konstantin"]
[Result "1/2-1/2"]
[ECO "B23"]
[WhiteElo "2187"]
[BlackElo "2384"]
[Annotator "ChessBase"]
[PlyCount "70"]
[EventDate "2023.12.27"]
[EventType "swiss"]
[EventCountry "SWE"]
[SourceTitle "playchess.com"]
[Source "ChessBase"]
[SourceQuality "1"]
[TimeControl "40/5400+30:1800+30"]

1. e4 c5 2. Nc3 e6 3. f4 a6 4. g3 d5 5. d3 Nc6 6. Bg2 Nge7 7. Nf3 g6 8. O-O Bg7 9. Bd2 b6 10. Rb1 a5 11. a4 Ba6 12. Nb5 Bxb5 13. axb5 Nd4 14. Nxd4 cxd4 15. f5 gxf5 16. exf5 Nxf5 17. Rxf5 exf5 18. Qh5 O-O 19. Bh3 Qd6 20. Bxf5 h6 21. Bf4 Qf6 22. Rf1 Rfe8 23. Bd7 Re7 24. Bc6 Rc8 25. Bc7 Qg5 26. Qxg5 hxg5 27. Bxb6 a4 28. Rf2 Re1+ 29. Rf1 Re6 30. Bd7 Rxc2 31. Bxe6 fxe6 32. Rf2 Rc1+ 33. Rf1 Rc2 34. Rf2 Rc1+ 35. Rf1 Rc2 1/2-1/2